Map: Одиссея РВ

Players

Murena

  • Race: Terran Terran
  • Spawn Location: 11:00

ИИ 1 (эксперт) - Winner!

  • Race: Zerg Zerg
  • Spawn Location: 5:00

VOD

Have the link to the VOD?

Description

Time

  • Played on: July 17, 2019, 3:34 p.m.
  • Length: 10:52
Show
View Real Time Build Order
Export as new Build Order

Murena Terran 

Build Orders:  

Get SALT Encoding   

  12  0:01  SCV  
  13  0:15  Supply Depot  
  13  0:17  SCV  
  14  0:27  Refinery  
  14  0:30  SCV  
  15  0:42  Barracks  
  15  0:46  SCV  
  16  0:58  SCV  
  17  1:10  Barracks, SCV  
  18  1:20  Supply Depot  
  18  1:23  SCV  
  19  1:29  Marine  
  20  1:35  SCV  
  21  1:47  Marine, Refinery  
  22  1:54  Orbital Command  
  22  1:56  Marine  
  23  2:07  Barracks Reactor  
  23  2:16  Barracks Reactor  
  23  2:17  Factory  
  23  2:21  SCV  
  24  2:30  Supply Depot  
  24  2:33  SCV  
  25  2:43  Marine x2  
  27  2:46  SCV  
  28  2:52  Marine x2  
  28  2:58  SCV  
  31  3:01  Factory Tech Lab  
  31  3:02  Marine x2  
  33  3:15  Marine  
  33  3:19  SCV  
  35  3:25  Command Center  
  35  3:28  Marine  
  35  3:29  Marine  
  35  3:32  Marine  
  38  3:36  SCV  
  39  3:44  Supply Depot  
  39  3:52  Engineering Bay  
  39  4:00  Starport  
  39  4:06  Siege Tank  
  39  4:07  SCV  
  39  4:09  Marine  
  44  4:12  Marine  
  45  4:19  Supply Depot  
  45  4:20  SCV  
  46  4:32  Barracks, SCV  
  46  4:37  SCV  
  48  4:43  Siege Tank  
  51  4:47  SCV  
  51  4:48  Marine x2  
  51  4:49  Marine  
  51  4:50  Marine  
  56  4:59  Orbital Command  
  56  5:01  SCV  
  56  5:03  Starport Tech Lab  
  57  5:09  Reaper x2  
  59  5:15  SCV  
  59  5:16  Bunker  
  59  5:18  Reaper  
  59  5:19  Reaper  
  62  5:22  Medivac  
  62  5:28  Supply Depot, SCV  
  65  5:31  SCV  
  65  5:34  Barracks Tech Lab  
  66  5:38  Cyclone  
  66  5:41  Terran Infantry Weapons Level 1  
  69  5:43  SCV  
  70  5:52  Missile Turret x2, SCV  
  70  5:54  Combat Shield  
  70  5:57  SCV  
  72  5:58  Marine  
  72  6:00  Marine  
  74  6:12  SCV  
  74  6:13  SCV  
  74  6:14  Marauder  
  78  6:20  Supply Depot  
  78  6:27  Command Center  
  78  6:34  Factory  
  78  6:38  Armory  
  78  6:40  Refinery  
  78  6:42  SCV  
  78  6:46  SCV  
  80  6:48  Marauder, Starport, Marine  
  80  6:53  Medivac  
  85  6:59  Supply Depot  
  85  7:03  Supply Depot, Marine  
  86  7:14  Barracks  
  86  7:18  Concussive Shells  
  86  7:19  Factory Tech Lab  
  86  7:22  SCV x2  
  88  7:23  Marauder, Marine x2  
  88  7:24  Marine x2  
  88  7:26  Starport Tech Lab  
  88  7:28  Banshee  
  97  7:32  Hellion  
  99  7:38  Supply Depot  
  99  7:40  SCV x2  
  99  7:43  Orbital Command  
  101  7:46  Marine  
  101  7:51  Cyclone  
  105  7:56  Siege Tank  
  108  8:01  Barracks Tech Lab  
  108  8:02  Marauder  
  108  8:03  SCV  
  108  8:05  SCV  
Show
View Real Time Build Order
Export as new Build Order

ИИ 1 (эксперт) Zerg - Winner!

Build Orders: Hatch First 

Get SALT Encoding   

  12  0:00  Drone  
  13  0:12  Overlord  
  13  0:17  Drone  
  14  0:30  Drone x2  
  14  0:34  Drone  
  17  0:54  Hatchery  
  17  0:56  Drone  
  17  1:12  Spawning Pool  
  17  1:13  Extractor  
  17  1:15  Drone  
  16  1:19  Drone  
  16  1:22  Drone  
  18  1:27  Drone  
  19  1:38  Overlord  
  19  1:49  Drone  
  20  1:59  Zergling x2  
  20  2:01  Queen  
  21  2:06  Drone  
  24  2:11  Queen  
  26  2:18  Drone  
  27  2:32  Roach Warren  
  27  2:33  Drone, Extractor  
  26  2:38  Drone  
  26  2:44  Overlord  
  27  2:47  Drone  
  27  2:50  Drone  
  29  2:54  Drone  
  29  2:56  Drone  
  31  3:00  Drone  
  31  3:04  Zergling x2  
  33  3:08  Zergling x2  
  34  3:15  Roach x2  
  34  3:19  Roach  
  40  3:23  Roach  
  40  3:24  Drone  
  43  3:28  Drone  
  43  3:33  Overlord  
  44  3:39  Lair  
  44  3:44  Metabolic Boost  
  44  3:51  Drone x2  
  44  3:54  Drone  
  47  3:56  Drone  
  47  3:58  Drone  
  47  4:01  Drone  
  47  4:02  Drone  
  51  4:07  Overlord  
  51  4:09  Drone  
  52  4:14  Evolution Chamber, Drone  
  52  4:18  Evolution Chamber  
  52  4:19  Drone  
  52  4:25  Drone x2  
  52  4:29  Drone  
  52  4:31  Drone  
  56  4:33  Drone  
  56  4:34  Drone  
  58  4:39  Infestation Pit  
  58  4:40  Drone  
  58  4:42  Zerg Missile Weapons Level 1, Zergling x2  
  58  4:47  Zerg Ground Armor Level 1  
  58  4:50  Overlord  
  58  4:53  Overlord  
  58  4:55  Drone  
  59  5:07  Extractor  
  59  5:08  Roach  
  59  5:09  Drone, Roach  
  59  5:11  Drone, Hydralisk Den  
  59  5:12  Drone, Extractor  
  59  5:14  Drone  
  64  5:15  Drone  
  64  5:17  Drone  
  64  5:20  Overlord  
  66  5:21  Drone  
  67  5:29  Drone x2, Infestor  
  67  5:34  Roach  
  73  5:38  Drone x2, Overlord  
  75  5:45  Hydralisk x2  
  75  5:46  Roach x2  
  83  5:56  Roach  
  85  5:57  Overlord  
  85  6:00  Infestor  
  87  6:06  Drone, Baneling Nest  
  87  6:11  Hatchery  
  86  6:12  Drone  
  86  6:14  Ravager  
  86  6:16  Overlord, Roach  
  90  6:23  Ravager  
  93  6:25  Roach  
  93  6:30  Hydralisk  
  95  6:34  Hydralisk  
  95  6:35  Overlord  
  97  6:48  Infestor  
  97  6:51  Baneling  
  97  6:52  Baneling  
  97  6:53  Baneling  
  99  6:55  Baneling, Zergling x2  
  99  6:58  Baneling  
  99  7:00  Baneling, Zergling x2  
  101  7:02  Baneling  
  101  7:10  Overseer  
  101  7:14  Spine Crawler  
  100  7:19  Spine Crawler  
  99  7:23  Drone x2  
  99  7:24  Drone x4  
  99  7:25  Drone x3, Overlord  
  99  7:26  Drone x3  
  99  7:27  Drone  
  112  7:31  Roach  
  112  7:32  Drone x2, Infestor  
  112  7:33  Drone  
  119  7:37  Extractor  
  119  7:38  Drone  
  119  7:40  Extractor  
  119  7:43  Drone  
  119  7:44  Drone  
  120  7:47  Zerg Missile Weapons Level 2  
  120  7:48  Overlord  
  120  7:53  Drone x2, Roach  
  120  7:54  Drone, Roach  
  127  8:00  Drone  
  127  8:03  Drone  
  129  8:06  Drone, Overlord  
  129  8:07  Drone x2, Zerg Ground Armor Level 2  
  132  8:13  Spore Crawler  
  132  8:14  Drone  
  132  8:15  Spore Crawler  
  132  8:16  Drone  
  132  8:18  Pathogen Glands  
  132  8:19  Queen  
  134  8:25  Overlord  
  134  8:32  Spine Crawler  
  133  8:48  Zergling x2  
  133  8:49  Hatchery  
  133  8:50  Hydralisk  
  133  8:53  Hydralisk, Overlord  
  133  8:54  Zergling x10  
  142  8:57  Evolution Chamber, Zergling x4  
  142  8:58  Drone  
  143  9:05  Spine Crawler, Drone  
  143  9:08  Spore Crawler  
  141  9:12  Ravager  
  141  9:13  Overlord, Baneling, Zergling x2  
  141  9:14  Baneling, Roach  
  141  9:16  Roach  
  140  9:17  Hydralisk, Roach  
  140  9:18  Roach, Zergling x2  
  140  9:24  Roach  
  113  9:25  Roach  
  113  9:28  Hydralisk  
  113  9:29  Zergling x4  
  113  9:30  Roach  
  113  9:33  Spine Crawler  
  113  9:34  Roach  
  113  9:35  Spine Crawler  
  113  9:36  Roach x2, Zergling x4  
  116  9:39  Zergling x2  
  105  9:45  Infestor  
  105  9:47  Roach  
  105  9:50  Roach  
  99  9:53  Baneling x3  
  99  9:55  Baneling  
  99  9:56  Zergling x2  
  99  9:57  Hydralisk  
  99  9:59  Zergling x6  
  99  10:00  Zergling x2, Roach, Drone  
  99  10:01  Drone, Zergling x2  
  99  10:04  Infestor, Zergling x4  
  105  10:07  Queen  
  105  10:08  Zergling x2  
  105  10:09  Zergling x2  
  105  10:11  Roach, Ravager  
  105  10:12  Roach, Lurker Den  
  110  10:19  Roach  
  110  10:20  Roach  
  103  10:22  Roach  
  103  10:23  Roach  
  97  10:29  Zergling x2, Roach  
  97  10:31  Roach  
  97  10:32  Roach x2, Zergling x2  
  97  10:33  Drone x2, Zergling x4  
  97  10:34  Drone  
Tags
 
Add a new tag
Caveats
  • Supply blocks, unpowered buildings, or Contaminate may cause inaccurate times.
  • Supply counts are checked every 10 seconds.